[ AOE2 MATCH · #507819840 ]
UnrankedVietnamese vs Huns
Player's team · LOSS
Rival team · WIN
[ REPLAY ANALYSIS · EXTRACTED FROM THE RECORDED GAME ]
Feudal
12:03
Castle
—
Imperial
—
| APM avg | 33.3 |
| APM peak | 58 |
| eAPM avg | 15.6 |
| Villagers / military | 42 / 14 |
Focus
⚔️ 30.6% · 🌾 69.4%
Archer ×7 · Militia ×5 · Skirmisher ×2
Feudal
10:19
Castle
—
Imperial
—
| APM avg | 81.3 |
| APM peak | 108 |
| eAPM avg | 27.7 |
| Villagers / military | 39 / 30 |
Focus
⚔️ 36.9% · 🌾 63.1%
Archer ×24 · Militia ×3 · Skirmisher ×3
Match map
Initial resources + every placement click. Lines = walls · curves = elevation contours. ◆ gold · ⬟ stone · ● berries · ✦ relic · ◌ wall gap
Your base· Open — unwalled flank
Pedro's base· Open — unwalled flank
Smoothed initial terrain · ◌ = detected wall gap · hover for details
Inputs per minute
— [RGV]saltychobos - - Pedro
Build order — [RGV]saltychobos
86 actions detected in the replay
| 0:00 | Queue | Villager (Male) |
| 0:02 | Build | House |
| 0:03 | Build | House |
| 0:23 | Queue | Villager (Male) |
| 0:23 | Queue | Villager (Male) |
| 0:23 | Queue | Villager (Male) |
| 1:29 | Queue | Villager (Male) |
| 1:29 | Queue | Villager (Male) |
| 1:47 | Build | Lumber Camp |
| 1:52 | Queue | Villager (Male) |
| 1:53 | Queue | Villager (Male) |
| 2:25 | Queue | Villager (Male) |
| 2:25 | Queue | Villager (Male) |
| 2:53 | Queue | Villager (Male) |
| 2:53 | Queue | Villager (Male) |
| 3:32 | Queue | Villager (Male) |
| 3:32 | Queue | Villager (Male) |
| 4:07 | Build | House |
| 4:12 | Queue | Villager (Male) |
| 4:27 | Queue | Villager (Male) |
| 4:37 | Build | Barracks |
| 5:03 | Queue | Villager (Male) |
| 5:09 | Queue | Villager (Male) |
| 5:09 | Queue | Villager (Male) |
| 5:28 | Build | House |
| 5:33 | Build | House |
| 5:47 | Queue | Villager (Male) |
| 5:51 | Queue | Militia |
| 5:51 | Queue | Militia |
| 6:13 | Queue | Villager (Male) |
| 6:26 | Queue | Militia |
| 6:41 | Queue | Villager (Male) |
| 7:01 | Queue | Militia |
| 7:05 | Queue | Villager (Male) |
| 7:15 | Build | Mill |
| 7:33 | Queue | Villager (Male) |
| 7:53 | Queue | Militia |
| 7:56 | Queue | Villager (Male) |
| 8:01 | Build | Mining Camp |
| 8:28 | Queue | Villager (Male) |
| 8:56 | Queue | Villager (Male) |
| 9:28 | Research | Loom |
| 9:53 | Research | Feudal Age |
| 9:53 | Research | Feudal Age |
| 11:20 | Build | House |
| 11:34 | Queue | Villager (Male) |
| 11:34 | Queue | Villager (Male) |
| 12:03 | Age | Feudal Age |
| 12:03 | Build | House |
| 12:07 | Build | Archery Range |
| 12:13 | Build | Mining Camp |
| 12:21 | Queue | Villager (Male) |
| 12:23 | Build | Mining Camp |
| 12:27 | Build | Lumber Camp |
| 12:39 | Build | Farm |
| 12:43 | Build | Farm |
| 12:44 | Queue | Archer |
| 12:45 | Queue | Archer |
| 12:57 | Build | Farm |
| 12:58 | Queue | Villager (Male) |
| 13:18 | Queue | Archer |
| 13:28 | Build | Blacksmith |
| 13:32 | Queue | Villager (Male) |
| 13:45 | Build | House |
| 13:48 | Build | Farm |
| 13:57 | Queue | Archer |
| 13:57 | Queue | Archer |
| 14:13 | Queue | Villager (Male) |
| 14:27 | Build | Farm |
| 14:41 | Queue | Villager (Male) |
| 14:42 | Queue | Villager (Male) |
| 14:46 | Build | Farm |
| 14:59 | Build | Farm |
| 15:06 | Queue | Archer |
| 15:06 | Queue | Archer |
| 15:12 | Queue | Villager (Male) |
| 15:12 | Queue | Villager (Male) |
| 15:42 | Queue | Skirmisher |
| 15:49 | Queue | Villager (Male) |
| 15:54 | Queue | Skirmisher |
| 16:12 | Build | Palisade Wall |
| 16:16 | Build | Palisade Wall |
| 16:39 | Queue | Villager (Male) |
| 16:39 | Queue | Villager (Male) |
| 17:10 | Queue | Villager (Male) |
| 17:10 | Queue | Villager (Male) |
Build order — Pedro
106 actions detected in the replay
| 0:00 | Queue | Villager (Male) |
| 0:00 | Queue | Villager (Male) |
| 0:00 | Queue | Villager (Male) |
| 0:05 | Queue | Villager (Male) |
| 1:20 | Queue | Villager (Male) |
| 1:40 | Queue | Villager (Male) |
| 1:53 | Build | Lumber Camp |
| 2:13 | Queue | Villager (Male) |
| 2:52 | Queue | Villager (Male) |
| 3:03 | Queue | Villager (Male) |
| 3:24 | Queue | Villager (Male) |
| 4:00 | Queue | Villager (Male) |
| 4:07 | Queue | Villager (Male) |
| 4:22 | Queue | Villager (Male) |
| 4:27 | Queue | Villager (Male) |
| 4:55 | Queue | Villager (Male) |
| 5:09 | Build | Barracks |
| 5:18 | Queue | Villager (Male) |
| 5:44 | Queue | Villager (Male) |
| 5:52 | Queue | Villager (Male) |
| 6:10 | Queue | Militia |
| 6:10 | Queue | Militia |
| 6:12 | Queue | Villager (Male) |
| 6:19 | Build | Mill |
| 6:30 | Queue | Militia |
| 6:33 | Queue | Villager (Male) |
| 6:39 | Queue | Villager (Male) |
| 7:03 | Research | Loom |
| 8:09 | Research | Feudal Age |
| 8:43 | Queue | Villager (Male) |
| 8:46 | Build | Lumber Camp |
| 9:06 | Build | Mining Camp |
| 10:19 | Age | Feudal Age |
| 10:21 | Build | Watch Tower |
| 10:24 | Research | Man-at-Arms (upgrade) |
| 10:25 | Research | Man-at-Arms (upgrade) |
| 10:25 | Queue | Villager (Male) |
| 10:28 | Build | Archery Range |
| 10:30 | Queue | Villager (Male) |
| 10:38 | Queue | Villager (Male) |
| 10:41 | Research | Double-Bit Axe |
| 10:51 | Queue | Villager (Male) |
| 11:06 | Queue | Archer |
| 11:23 | Build | Archery Range |
| 11:27 | Queue | Villager (Male) |
| 11:34 | Queue | Archer |
| 11:34 | Queue | Archer |
| 11:47 | Build | Palisade Wall |
| 11:48 | Build | Palisade Wall |
| 11:48 | Build | Palisade Wall |
| 11:49 | Build | Palisade Wall |
| 11:50 | Build | Palisade Wall |
| 11:50 | Build | Palisade Wall |
| 12:00 | Queue | Archer |
| 12:00 | Queue | Skirmisher |
| 12:00 | Queue | Skirmisher |
| 12:15 | Queue | Archer |
| 12:16 | Queue | Villager (Male) |
| 12:20 | Build | Farm |
| 12:31 | Queue | Villager (Male) |
| 12:41 | Build | Blacksmith |
| 12:45 | Queue | Archer |
| 12:46 | Queue | Archer |
| 13:08 | Queue | Archer |
| 13:08 | Queue | Archer |
| 13:17 | Build | Farm |
| 13:19 | Build | Farm |
| 13:19 | Queue | Villager (Male) |
| 13:36 | Build | Farm |
| 13:55 | Research | Fletching |
| 13:55 | Research | Fletching |
| 13:59 | Queue | Archer |
| 13:59 | Queue | Archer |
| 14:05 | Queue | Archer |
| 14:05 | Queue | Archer |
| 14:15 | Queue | Skirmisher |
| 14:40 | Queue | Villager (Male) |
| 14:41 | Queue | Archer |
| 14:41 | Queue | Archer |
| 14:44 | Build | Farm |
| 14:54 | Queue | Archer |
| 14:59 | Build | Farm |
| 15:07 | Queue | Archer |
| 15:07 | Queue | Archer |
| 15:08 | Queue | Villager (Male) |
| 15:10 | Build | Farm |
| 15:33 | Queue | Villager (Male) |
| 15:34 | Queue | Archer |
| 15:38 | Build | Farm |
| 16:00 | Queue | Villager (Male) |
| 16:02 | Queue | Archer |
| 16:02 | Queue | Archer |
| 16:24 | Queue | Archer |
| 16:24 | Queue | Villager (Male) |
| 16:26 | Build | Farm |
| 16:27 | Queue | Villager (Male) |
| 16:29 | Build | Farm |
| 16:30 | Build | Farm |
| 16:40 | Queue | Archer |
| 16:40 | Queue | Archer |
| 16:43 | Queue | Villager (Male) |
| 16:50 | Build | Farm |
| 16:58 | Build | Farm |
| 16:58 | Queue | Villager (Male) |
| 17:17 | Queue | Villager (Male) |
| 17:21 | Build | Farm |
Match timeline
| 4:37 | [RGV]saltychobos · first_building Barracks |
| 5:09 | Pedro · first_building Barracks |
| 10:19 | Pedro · age_up feudal |
| 10:28 | Pedro · first_building Archery Range |
| 11:47 | Pedro · wall_segment Palisade Wall x1 |
| 11:48 | Pedro · wall_segment Palisade Wall x1 |
| 11:48 | Pedro · wall_segment Palisade Wall x1 |
| 11:49 | Pedro · wall_segment Palisade Wall x1 |
| 11:50 | Pedro · wall_segment Palisade Wall x1 |
| 11:50 | Pedro · wall_segment Palisade Wall x1 |
| 12:03 | [RGV]saltychobos · age_up feudal |
| 12:07 | [RGV]saltychobos · first_building Archery Range |
| 16:12 | [RGV]saltychobos · wall_segment Palisade Wall x1 |
| 16:16 | [RGV]saltychobos · wall_segment Palisade Wall x1 |
| 17:44 | [RGV]saltychobos · resign |
[ AI ANALYSIS · 1 CREDIT ]
What really happened in this match?
Wolo.gg analyzes every decision: build order, eco, micro, common mistakes by bracket. Personalized analysis on WhatsApp or Discord in 30 seconds.
Civ guide
Vietnamese
Perfil
Jugador #22025386